 Dungeon Crawl Stone Soup version 0.17-a0-2014-g32cd421 (webtiles) character file.

26 tp1 the Skirmisher (level 3, 0/23 HPs)
             Began as a Gargoyle Berserker on Oct 9, 2015.
             Was a Follower of Trog.
             Slain by a hobgoblin (3 damage)
             ... on level 2 of the Dungeon.
             The game lasted 00:05:08 (941 turns).

tp1 the Skirmisher (Gargoyle Berserker)              Turns: 941, Time: 00:05:09

Health: 0/23       AC:  8    Str: 21    XL:     3   Next: 8%
Magic:  3/3        EV: 11    Int:  7    God:    Trog [*.....]
Gold:   43         SH:  0    Dex:  9    Spells: 0 memorised, 2 levels left

rFire  . . .     SeeInvis .     h - +0 mace
rCold  . . .     Clarity  .     f - +0 ring mail
rNeg   + . .     SustAt   .     (no shield)
rPois  ∞         Gourm    .     (no helmet)
rElec  +         Spirit   .     (no cloak)
rCorr  .         Warding  .     (no gloves)
rMut   .         Stasis   .     (no boots)
MR     .....                    k - amulet of rage
Stlth  ..........               (no ring)
                                j - ring of flight

@: not resistant to hostile enchantments, extremely unstealthy
A: negative energy resistance 1, electricity resistance, unbreathing,
petrification resistance, rot immunity, AC +3
a: Burn Spellbooks, Berserk, Renounce Religion, Evoke Berserk Rage, Evoke Flight


You were on level 2 of the Dungeon.
You worshipped Trog.
Trog was aware of your devotion.
You were not hungry.

You visited 1 branch of the dungeon, and saw 2 of its levels.

You collected 43 gold pieces.

Inventory:

Hand Weapons
 a - a +0 hand axe
 h - a +0 mace (weapon)
Armour
 b - a +0 animal skin
 f - a +0 ring mail (worn)
Jewellery
 g - an uncursed amulet of faith
 j - a ring of flight (left hand)
 k - an amulet of rage (around neck)
Scrolls
 e - 2 scrolls of teleportation {unknown}
 i - 2 scrolls of enchant weapon {unknown}
 o - a scroll of random uselessness {unknown}
Potions
 d - a potion of flight {unknown}
 l - a potion of might {unknown}
 m - a potion of haste {unknown}
 n - 2 potions of resistance {unknown}
Comestibles
 c - a bread ration


   Skills:
 - Level 3.4 Fighting
 - Level 2.9 Axes
 - Level 2.4 Armour
 + Level 2.4 Dodging


You had 2 spell levels left.
You didn't know any spells.

Dungeon Overview and Level Annotations

Branches:
Dungeon (2/15)

Altars:


Innate Abilities, Weirdness & Mutations

You are resistant to torment.
Your stone body is resilient (AC +3).
You are immune to poison.
You resist negative energy.
You are resistant to electric shocks.
You can survive without breathing.
You are immune to petrification.
You are immune to rotting.


Message History

The adder is severely wounded.
The adder bites you but does no damage.
The hobgoblin hits you but does no damage.
The adder bites you but does no damage. The hobgoblin hits you.
* * * LOW HITPOINT WARNING * * *
You are too injured to fight recklessly!
You hit the adder but do no damage.
The adder is severely wounded.
The adder bites you but does no damage. The hobgoblin closely misses you.
The adder bites you but does no damage.
You closely miss the adder.
The adder is severely wounded.
The hobgoblin hits you but does no damage.
The adder bites you but does no damage.
You closely miss the adder.
The adder is severely wounded.
The adder barely misses you. The hobgoblin hits you.
* * * LOW HITPOINT WARNING * * *
The adder bites you but does no damage. The hobgoblin hits you.
You die...

### #...........
###+######...........
#..................#
###..................#
............###....###
..).........###.##.#
(.).........+......#
............###'########
###.............@.......
#.............gS.....#
#.....................#
#.....................#
#..........##.........#
#........####.#########
##.......# #.# #......##
#.


You could see an adder and a hobgoblin.

Vanquished Creatures
  A ball python (D:2)
  5 goblins
  3 hobgoblins (D:1)
  3 kobolds
  5 bats
  2 giant newts (D:1)
  3 jackals (D:1)
  3 rats (D:1)
25 creatures vanquished.

Notes
Turn   | Place    | Note
--------------------------------------------------------------
     0 | D:1      | tp1 the Gargoyle Berserker began the quest for the Orb.
     0 | D:1      | Reached XP level 1. HP: 14/14 MP: 1/1
   144 | D:1      | Reached XP level 2. HP: 8/19 MP: 2/2
   856 | D:2      | Reached XP level 3. HP: 23/23 MP: 3/3
   941 | D:2      | Slain by a hobgoblin

Vault maps used:
D:1:      dpeg_arrival_short_road
D:2:      nicolae_overflow_crystal_walls, uniq_natasha

Action                   || total
-------------------------++-------
Melee: Mace              ||    82
       Hand axe          ||     5
